Map: Temple gelé

Players

zidar - Winner!

  • Race: Zerg Zerg
  • League: Platinum
  • Spawn Location: 11:00

WhitedeviL

  • Race: Zerg Zerg
  • League: Platinum
  • Spawn Location: 5:00

VOD

Have the link to the VOD?

Description

Time

  • Played on: Nov. 3, 2016, 4:14 p.m.
  • Length: 13:06
Show
View Real Time Build Order
Export as new Build Order

zidar Zerg - Winner!

Build Orders: 1 Base Baneling Bust, Pool First 

Get SALT Encoding   

  12  0:01  Drone  
  13  0:07  Drone  
  14  0:18  Extractor, Drone  
  14  0:35  Spawning Pool  
  13  0:48  Drone  
  13  0:49  Overlord  
  14  0:58  Overlord  
  14  1:22  Metabolic Boost  
  14  1:26  Queen  
  14  1:29  Zergling x2  
  14  1:30  Zergling x2  
  18  1:35  Zergling x2  
  19  1:43  Zergling x2  
  21  1:54  Zergling x2  
  21  2:02  Zergling x2  
  22  2:12  Queen  
  22  2:18  Zergling x2  
  23  2:28  Zergling x2  
  25  2:37  Zergling x6  
  22  3:08  Zergling x2  
  22  3:09  Zergling x2  
  21  3:23  Zergling x4  
  21  3:36  Baneling Nest  
  21  3:37  Drone  
  20  3:51  Drone  
  21  4:01  Zergling x2  
  21  4:02  Zergling x6  
  25  4:03  Hatchery  
  24  4:10  Pneumatized Carapace  
  24  4:16  Evolution Chamber  
  23  4:29  Baneling  
  23  4:31  Baneling  
  23  4:43  Drone x5  
  28  4:46  Baneling  
  28  5:00  Overlord x2  
  28  5:15  Baneling  
  28  5:27  Queen  
  30  5:29  Drone x8  
  38  5:40  Extractor  
  37  5:54  Lair, Extractor  
  37  5:55  Extractor  
  35  5:58  Drone x5  
  35  6:00  Drone  
  41  6:08  Drone x2  
  43  6:17  Drone x3  
  45  6:56  Spire  
  44  7:11  Overlord x3  
  44  8:07  Mutalisk x10  
  63  8:48  Overlord  
  63  8:49  Overlord x4  
  63  8:50  Overlord  
  63  8:51  Overlord  
  61  9:27  Mutalisk x6  
  65  9:56  Zergling x8  
  69  10:21  Mutalisk x4  
  77  10:32  Hatchery  
  76  10:40  Centrifical Hooks  
  76  10:49  Baneling x8  
  76  10:52  Mutalisk x4  
  76  10:54  Zergling x12  
  90  11:08  Zerg Melee Weapons Level 1  
  90  11:24  Drone x9  
  99  11:27  Overseer  
  99  11:36  Zergling x2  
  99  11:37  Zergling x2  
  99  11:38  Baneling  
  99  11:39  Baneling x11  
  101  11:54  Zergling x10  
  101  11:55  Zergling x2  
  107  12:07  Zergling x2  
  107  12:08  Zergling x8  
  112  12:12  Drone x2  
  114  12:18  Extractor  
  114  12:19  Extractor  
  112  12:30  Baneling x4  
  112  12:39  Mutalisk  
  112  12:43  Overlord x3  
Show
View Real Time Build Order
Export as new Build Order

WhitedeviL Zerg 

Build Orders: Pool First 

Get SALT Encoding   

  12  0:02  Drone  
  13  0:22  Spawning Pool  
  13  0:26  Drone  
  13  0:34  Overlord  
  13  0:39  Drone  
  14  1:09  Zergling x6  
  14  1:10  Queen  
  19  1:20  Drone  
  20  1:35  Drone  
  20  1:39  Hatchery  
  20  1:45  Drone  
  21  1:56  Overlord  
  21  2:14  Queen  
  22  2:19  Drone x4  
  22  2:20  Drone  
  27  2:38  Zergling x2  
  24  3:00  Zergling x6  
  24  3:01  Zergling x2  
  17  3:14  Spine Crawler  
  13  3:36  Drone x6  
  18  4:02  Drone x4  
  22  4:14  Drone x3  
  25  4:41  Evolution Chamber  
  24  4:46  Drone x2  
  24  4:47  Drone x4  
  24  4:49  Queen  
  32  4:57  Extractor  
  31  5:04  Queen  
  33  5:13  Drone x2  
  35  5:27  Extractor  
  34  5:31  Overlord x3  
  34  5:49  Queen  
  36  6:03  Roach Warren  
  35  6:24  Evolution Chamber  
  32  6:56  Drone x5  
  32  6:57  Roach x2  
  32  6:58  Roach x6  
  32  6:59  Roach  
  55  7:29  Pneumatized Carapace  
  55  7:33  Roach  
  55  7:34  Roach  
  55  7:35  Overlord x4  
  59  7:44  Lair  
  59  8:02  Hatchery  
  59  8:03  Spore Crawler  
  57  8:47  Hydralisk Den  
  56  8:56  Extractor  
  56  9:00  Queen x2, Extractor  
  58  9:20  Hydralisk x2  
  58  9:21  Hydralisk x7  
  58  9:22  Hydralisk  
  70  9:25  Hydralisk  
  62  9:36  Queen  
  56  9:45  Hydralisk  
  56  9:58  Hydralisk x2  
  60  10:18  Hydralisk x3  
  66  10:29  Muscular Augments  
  66  11:01  Hydralisk x3  
  66  11:02  Zergling x2  
  66  11:03  Overlord  
  73  11:10  Overlord  
  73  11:21  Drone  
  73  11:22  Drone x3  
  73  11:23  Drone  
  78  11:35  Metabolic Boost  
  78  11:57  Drone x3  
  78  11:58  Drone x6  
  87  12:36  Hydralisk  
  89  12:38  Overlord x2  
  89  12:39  Overlord x2  
Tags
 
Add a new tag
Caveats
  • Supply blocks, unpowered buildings, or Contaminate may cause inaccurate times.
  • Supply counts are checked every 10 seconds.